 Dungeon Crawl Stone Soup version 0.28-a0-1506-g3893175d92 (webtiles) character file.

Game seed: 16261001723149242808

1066 HallandMoats the Skirmisher (level 8, -5/70 HPs)
             Began as a Ghoul Fighter on Jan 14, 2022.
             Was a Plaything of Xom.
             Killed from afar by a ynoxinul (20 damage)
             ... with an iron shot
             ... summoned by Xom
             ... on level 5 of the Dungeon.
             The game lasted 00:06:33 (5970 turns).

HallandMoats the Skirmisher (Ghoul Fighter)         Turns: 5970, Time: 00:06:35

Health: -5/70      AC: 22    Str: 20      XL:     8   Next: 28%
Magic:  7/7        EV:  7    Int:  4 (5)  God:    Xom [......]
Gold:   196        SH:  4    Dex:  7 (8)  Spells: 7/7 levels left

rFire   . . .      SeeInvis +   b - +1 flail (protect)
rCold   + + .      Faith    .   c - +0 buckler
rNeg    + + +      Spirit   .   n - +3 chain mail {rC+}
rPois   ∞          Reflect  .   p - +0 helmet
rElec   .          Harm     .   (no cloak)
rCorr   .          Rampage  .   (no gloves)
Will    .....                   s - +1 pair of boots
Stlth   ..........              (no amulet)
HPRegen 0.00/turn               k - ring of see invisible
MPRegen 0.10/turn               (no ring)

@: about to teleport, under a protective aura, inhibited regen
A: claws 1, cold resistance 1, negative energy resistance 3, inhibited
regeneration, torment resistance 2
a: Renounce Religion


You were on level 5 of the Dungeon.
You worshipped Xom.
You were a very special plaything of Xom.
You visited 1 branch of the dungeon, and saw 5 of its levels.

You collected 196 gold pieces.

Inventory:

Hand Weapons
 a - a +1 vorpal falchion
 b - a +1 flail of protection (weapon)
Armour
 c - a +0 buckler (worn)
 n - a +3 chain mail of cold resistance (worn)
 p - a +0 helmet (worn)
 s - a +1 pair of boots (worn)
Jewellery
 k - a ring of see invisible (left claw)
 w - a ring of magical power
Wands
 o - a wand of flame (16)
Scrolls
 e - a scroll of immolation {unknown}
 f - 4 scrolls of identify
 g - a scroll of teleportation
 j - a scroll of brand weapon {unknown}
 r - a scroll of fear {unknown}
 u - a scroll of torment {unknown}
 v - a scroll of enchant weapon {unknown}
Potions
 d - a potion of magic {unknown}
 h - 3 potions of heal wounds {unknown}
 i - a potion of invisibility {unknown}
 l - a potion of curing {unknown}
 m - a potion of haste
 q - a potion of might
 t - a potion of cancellation {unknown}


   Skills:
 * Level 6.1 Fighting
 * Level 4.6 Long Blades
 + Level 3.9 Armour
 + Level 2.6 Dodging
 * Level 5.1 Shields


You had 7 spell levels left.
You didn't know any spells.
Your spell library was empty.

Dungeon Overview and Level Annotations

Branches:
Dungeon (5/15)
 Temple: D:4-7

Altars:
Cheibriados
Gozag
Hepliaklqana
Kikubaaqudgha
Vehumet
Xom

Annotations:
D:5 Edmund


Innate Abilities, Weirdness & Mutations

You thrive by killing the living.
You are immune to poison.
You have sharp fingernails.
Your flesh is cold resistant. (rC+)
You are immune to negative energy. (rN+++)
You do not regenerate when monsters are visible.
You are immune to unholy pain and torment.


Message History

The orange demon completely misses you. Edmund barely misses you.
You hit Edmund but do no damage.
Edmund is lightly wounded.
You are engulfed in seething chaos.
The orange demon stings you. The orange demon barely misses you.
Edmund hits you with a +1 dire flail of protection.
The orange demon stings you but does no damage.
The orange demon hits you but does no damage.
You barely miss Edmund.
Edmund is lightly wounded.
Edmund hits you but does no damage.
The orange demon stings you but does no damage.
The orange demon hits you but does no damage.
Edmund hits you but does no damage. The orange demon stings you from afar!
Edmund hits you with a +1 dire flail of protection.
Edmund hits you with a +1 dire flail of protection.
Edmund grinds his teeth, and then sighs. "Hum-dee-hum-dee-hum..."
Edmund evaporates and reforms as an ogre! "Suffer!"
You feel dopey.
Edmund clears its throat.
Edmund says, "What use are spells, anyway?" "Let's see if it's strong enough to survive yet."
You hit the hellwing but do no damage.
Your weapon exudes an aura of protection.
The quasit bites you but does no damage.
The quasit barely misses you. The quasit claws you.
You feel clumsy. The ynoxinul gestures at you. The iron shot hits you!!
* * * LOW HITPOINT WARNING * * *
As you read the scroll of teleportation, it crumbles to dust.
You feel strangely unstable. You block the quasit's attack.
The quasit claws you but does no damage. x2
The ynoxinul gestures at you. The iron shot hits you!!
You die...
Xom thinks this is hilarious!

).##..#..........#
..##.........###.#
..'...#.###### #.#
..#####.# #.# ..#
#.# #.# ..# #.#
#.# ..# #.# #4#
### ..# #3#
..########@#
#...4O553#
#.######## #.# +..
#.# #....##4#
#.... #.#.# #....
#.#.# #... #.#.#


You could see a sun demon (summoned), an orange demon (summoned), a hellwing
(summoned), a ynoxinul (summoned), Edmund the ogre, an iron imp (summoned) and a
quasit (summoned).

Vanquished Creatures
  Grinder (D:3)
  A blink frog (D:5)
  An ogre (D:4)
  A wyvern skeleton (D:4)
  A bullfrog zombie (D:5)
  A centaur skeleton (D:5)
  3 hounds
  3 orc priests (D:4)
  2 iguanas (D:5)
  Terence (D:3)
  Robin (D:3)
  10 adders
  A gnoll (D:4)
  An ufetubus (D:4)
  An adder skeleton (D:4)
  3 worms
  A dart slug (D:1)
  8 orcs
  8 endoplasms
  4 giant cockroaches
  15 goblins
  8 hobgoblins
  9 kobolds
  5 quokkas
  8 ball pythons
  6 bats
  7 frilled lizards
  3 rats
114 creatures vanquished.

Vanquished Creatures (others)
  A human (D:3)
1 creature vanquished.

Grand Total: 115 creatures vanquished

Notes
Turn   | Place    | Note
-------+----------+-------------------------------------------
     0 | D:1      | HallandMoats the Ghoul Fighter began the quest for the Orb.
     0 | D:1      | Reached XP level 1. HP: 19/19 MP: 0/0
   145 | D:1      | Reached XP level 2. HP: 26/26 MP: 1/1
   199 | D:1      | Found a faded altar of an unknown god.
   207 | D:1      | Prayed at the altar of an unknown god.
   207 | D:1      | Became a worshipper of Xom the Elder Chaos God
   463 | D:1      | Reached XP level 3. HP: 27/33 MP: 2/2
   781 | D:1      | XOM: silly message
   917 | D:1      | XOM: divination: detect items
  1058 | D:1      | XOM: silly message
  1311 | D:2      | XOM: cloud trail
  1408 | D:2      | Reached XP level 4. HP: 38/40 MP: 3/3
  1551 | D:2      | Found a snail-covered altar of Cheibriados.
  1551 | D:2      | XOM: 1-stop teleportation journey
  1665 | D:2      | Reached skill level 4 in Fighting
  1837 | D:2      | XOM: stat loss: -1 Str (18/19)
  2111 | D:3      | Noticed Grinder
  2111 | D:3      | Paralysed by Grinder for 2 turns
  2119 | D:3      | XOM: noise
  2127 | D:3      | XOM: cast spell 'Cause Fear'
  2134 | D:3      | Paralysed by Grinder for 7 turns
  2143 | D:3      | Paralysed by Grinder for 7 turns
  2147 | D:3      | XOM: blink monster(s)
  2153 | D:3      | XOM: chaos cloud
  2160 | D:3      | Killed Grinder
  2161 | D:3      | Reached skill level 1 in Dodging
  2161 | D:3      | Reached XP level 5. HP: 25/47 MP: 4/4
  2161 | D:3      | Reached XP level 6. HP: 29/53 MP: 5/5
  2381 | D:3      | XOM: summons 2 hostile shadow creatures
  2455 | D:3      | Found an ancient bone altar of Kikubaaqudgha.
  2852 | D:3      | Noticed Terence
  2877 | D:3      | XOM: chaos cloud
  2904 | D:3      | Noticed a human
  2906 | D:3      | Killed a human
  2923 | D:3      | Killed Terence
  3226 | D:3      | Noticed Robin
  3232 | D:3      | XOM: enchant monster (bad)
  3258 | D:3      | Killed Robin
  3571 | D:3      | Reached skill level 5 in Fighting
  3681 | D:4      | Reached XP level 7. HP: 43/61 MP: 6/6
  3768 | D:4      | Found a radiant altar of Vehumet.
  3916 | D:4      | XOM: confuse monster(s)
  3964 | D:4      | Found a hazy altar of Hepliaklqana.
  4109 | D:4      | XOM: silly message
  4111 | D:4      | XOM: summons 2 friendly demons
  4560 | D:4      | XOM: noise
  4578 | D:4      | XOM: scenery: 1 doors close
  4758 | D:4      | XOM: noise
  5085 | D:4      | XOM: silly message
  5118 | D:5      | Entered Level 5 of the Dungeon
  5164 | D:5      | XOM: summons 3 hostile shadow creatures
  5278 | D:5      | XOM: summons 1 hostile demon
  5501 | D:5      | Reached XP level 8. HP: 64/70 MP: 7/7
  5654 | D:5      | Noticed a blink frog
  5654 | D:5      | a sky beast changed into a blink frog
  5654 | D:5      | XOM: polymorph sky beast -> blink frog
  5658 | D:5      | Killed a blink frog
  5659 | D:5      | Reached skill level 6 in Fighting
  5659 | D:5      | Reached skill level 5 in Shields
  5740 | D:5      | Found an opulent altar of Gozag.
  5926 | D:5      | Noticed Edmund
  5941 | D:5      | XOM: summons 1 hostile demon
  5942 | D:5      | Noticed an orange demon
  5943 | D:5      | XOM: chaos cloud
  5950 | D:5      | Noticed Edmund
  5950 | D:5      | Edmund changed into Edmund the ogre
  5950 | D:5      | XOM: polymorph Edmund -> Edmund the ogre
  5955 | D:5      | XOM: stat loss: -1 Int (4/5)
  5968 | D:5      | XOM: summons 5 hostile demons
  5969 | D:5      | Noticed a hellwing
  5969 | D:5      | Noticed a sun demon
  5969 | D:5      | Noticed a ynoxinul
  5970 | D:5      | Killed from afar by a ynoxinul

Illustrated notes

Levels and vault maps discovered:
D:1:      ebering_trefoil_3fold, layout_basic, ebering_ecumenical_altar_box,
          minmay_pentomino_z2
D:2:      layout_loops_corners, basic_altar, serial_forest,
          infiniplex_forest_straight_2, infiniplex_forest_clump_small,
          infiniplex_forest_straight_1, infiniplex_forest_zigzag_1,
          infiniplex_forest_end_double, grunt_decor_clamped,
          minmay_misc_feat_enclosed, nrook_mini_backslash,
          minmay_fractal_squares_5
D:3:      layout_basic, tgw_kikubaaqudgha, kennysheep_generic_room_4,
          uniq_terence, uniq_grinder, uniq_robin
D:4:      layout_gridville, amcnicky_altar_gilded, nicolae_vehumet_radiance,
          eino_tiny_chamber, sigmund_army
D:5:      layout_basic, mainiacjoe_overflow_six_doors_small,
          kennysheep_mini_moat, kennysheep_small_square, uniq_edmund

Skill      XL: |  1  2  3  4  5  6  7  8 |
---------------+-------------------------+-----
Long Blades    | 2 3 4 |  4.6
Shields        | 3 4 5 |  5.1
Fighting       | 4 5 6 |  6.1
Armour         | 3 |  3.9
Dodging        | 1 2 |  2.6

Action                   |  1- 3 |  4- 6 |  7- 9 || total
-------------------------+-------+-------+-------++-------
Melee: Long sword        |   113 |   158 |       ||   271
       Flail             |       |    26 |   185 ||   211
  Use: Potion            |       |     3 |       ||     3
       Scroll            |       |       |     3 ||     3
Armor: Scale mail        |    83 |    48 |       ||   131
       Chain mail        |       |    55 |   189 ||   244
Dodge: Dodged            |    86 |   105 |    65 ||   256
Block: Buckler           |    39 |    47 |    56 ||   142

Table legend: (Time is in decaauts)
 A = Elapsed time spent in this place.
 B = Non-inter-level travel time spent in this place.
 C = Inter-level travel time spent in this place.
 D = Time resting spent in this place.
 E = Time spent auto-exploring this place.
 F = Levels seen in this place.
 G = Mean time per level.
                   A        B        C        D        E       F      G
               +--------+--------+--------+--------+--------+-----+--------+
         Total |   6126 |   6009 |    117 |    856 |   3963 |   5 | 1225.2 |
       Dungeon |   6126 |   6009 |    117 |    856 |   3963 |   5 | 1225.2 |
               +--------+--------+--------+--------+--------+-----+--------+

Top non-repeatable levels by time:
     D:3: 1565 daAuts
     D:4: 1541 daAuts
     D:1: 1096 daAuts
     D:2: 1021 daAuts
     D:5: 901 daAuts
